 Dungeon Crawl Stone Soup version 0.28.0-53-g5a82cb258f (webtiles) character file.

Game seed: 8900716603152192926

96 suse60 the Skirmisher (level 4, -3/38 HPs)
             Began as a Formicid Fighter on June 20, 2022.
             Killed from afar by an orc wizard (4 damage)
             ... with a magic dart
             ... on level 3 of the Dungeon.
             The game lasted 00:09:23 (1950 turns).

suse60 the Skirmisher (Formicid Fighter)            Turns: 1950, Time: 00:09:24

Health: -3/38      AC:  6    Str: 20    XL:     4   Next: 98%
Magic:  4/4        EV:  9    Int:  8    God:
Gold:   81         SH:  4    Dex: 12    Spells: 3/3 levels left

rFire   . . .      SeeInvis +   a - +0 war axe
rCold   . . .      Faith    .   c - +0 buckler
rNeg    . . .      Spirit   .   b - +0 scale mail
rPois   .          Reflect  .   (helmet unavailable)
rElec   .          Harm     .   (no cloak)
rCorr   .          Rampage  .   (no gloves)
Will    .....                   (no boots)
Stlth   ..........              (no amulet)
HPRegen 0.12/turn               (no ring)
MPRegen 0.09/turn               (no ring)

@: no status effects
A: permanent stasis, dig shafts and tunnels, antennae 3, four strong arms
a: Dig, Shaft Self


You were on level 3 of the Dungeon.
You visited 1 branch of the dungeon, and saw 3 of its levels.

You collected 81 gold pieces.

Inventory:

Hand Weapons
 a - a +0 war axe (weapon)
Armour
 b - a +0 scale mail (worn)
 c - a +0 buckler (worn)
Scrolls
 e - 2 scrolls of fear {unknown}
 f - a scroll of amnesia {unknown}
 g - a scroll of identify {unknown}
 h - a scroll of enchant weapon {unknown}
 j - a scroll of vulnerability {unknown}
Potions
 d - a potion of might
 i - 2 potions of haste {unknown}


   Skills:
 + Level 4.7 Fighting
 + Level 3.6 Axes
 - Level 3.2 Armour
 - Level 3.6 Shields


You had 3 spell levels left.
You didn't know any spells.
Your spell library was empty.

Dungeon Overview and Level Annotations

Branches:
Dungeon (3/15)

Altars:

Shops:
D:1 =


Innate Abilities, Weirdness & Mutations

You cannot be hasted, slowed, berserked, paralysed or teleported.
You can dig through walls and to a lower floor.
You have a pair of large antennae on your head. (SInv)
Your four strong arms can wield two-handed weapons with a shield.


Message History

The orc wizard hits you but does no damage.
The hobgoblin hits you but does no damage.
You slash the hobgoblin!
You kill the hobgoblin!
You barely miss the orc wizard. The orc wizard casts a spell at you.
The puff of flame hits you. The rat closely misses you.
You hit the rat.
You kill the rat!
You barely miss the orc wizard.
The orc wizard hits you but does no damage.
The orc wizard hits you with a +0 dagger.
You hit the orc wizard.
The orc wizard is almost dead.
You hit the orc. The orc misses you.
The orc wizard hits you with a +0 dagger.
The orc hits you with a +0 flail.
You barely miss the orc wizard.
The orc wizard is almost dead.
You hit the orc. The orc wizard barely misses you.
The orc hits you with a +0 flail.
* * * LOW HITPOINT WARNING * * *
You block the orc wizard's attack.
You barely miss the orc wizard.
The orc wizard is almost dead.
You hit the orc.
You kill the orc!
The orc wizard points at you and mumbles some strange words.
The magic dart hits you but does no damage.
You barely miss the orc wizard.
The orc wizard is almost dead.
The orc wizard casts a spell at you. The magic dart hits you!
* * * LOW HITPOINT WARNING * * *
You closely miss the orc wizard.
The orc wizard is almost dead.
The orc wizard barely misses you. The orc wizard casts a spell at you.
The magic dart hits you.
You die...

#.........##...##
....##
#.........##...##
....#.
..##########...##
...... .. #...##
......#
########...## .....
#....##.._..# ...##
#...##...≈... #)o#
#..##...###.. #@##
#..#...## ##. #..#
#.....#### ##
##.###......<.# #
#...#........# #
..>...##.#........#
...... #..........#
...... ##.........#
...... ....########
.....###.#..


You could see an orc wizard (invisible).

Vanquished Creatures
  2 adders
  2 dart slugs
  2 orcs (D:3)
  6 ball pythons
  12 bats
  11 endoplasms
  A giant cockroach (D:1)
  6 goblins
  5 hobgoblins
  A quokka (D:1)
  5 frilled lizards
  10 kobolds
  3 rats
66 creatures vanquished.

Vanquished Creatures (others)
  4 plants (D:1)
4 creatures vanquished.

Grand Total: 70 creatures vanquished

Notes
Turn   | Place    | Note
-------+----------+-------------------------------------------
     0 | D:1      | suse60 the Formicid Fighter began the quest for the Orb.
     0 | D:1      | Reached XP level 1. HP: 18/18 MP: 1/1
   253 | D:1      | Reached XP level 2. HP: 24/24 MP: 2/2
   426 | D:1      | Reached XP level 3. HP: 28/30 MP: 3/3
   455 | D:1      | Found Salonut's Jewellery Boutique.
   468 | D:1      | Reached skill level 4 in Fighting
  1019 | D:2      | Reached XP level 4. HP: 36/37 MP: 4/4
  1742 | D:3      | Found a faded altar of an unknown god.
  1949 | D:3      | HP: 1/38 [orc wizard/magic dart (7)]
  1950 | D:3      | Killed from afar by an orc wizard

Illustrated notes

Levels and vault maps discovered:
D:1:      dpeg_arrival_another_circle, layout_rooms, serial_shops, shop,
          serial_bayou_lagoon_a
D:2:      layout_loops_ring, hangedman_decor_lopped
D:3:      layout_rooms, hellmonk_ecumenical_altar_crossroads, uniq_sigmund

Skill      XL: |  1  2  3 |
---------------+----------+-----
Fighting       | 4 |  4.7
Axes           | 3 |  3.6
Armour         | |  3.2
Shields        | |  3.6

Action                   |  1- 3 |  4- 6 || total
-------------------------+-------+-------++-------
Melee: War axe           |    83 |    86 ||   169
Armor: Scale mail        |    40 |    49 ||    89
Dodge: Dodged            |    33 |    46 ||    79
Block: Buckler           |    20 |    17 ||    37
